Unix NetHack Version 5.0.0-0 post-release - last build May 10 2026 23:12:36 (d1fa5d53e341ca933230fdaa984d921c805b60aa,branch:main).

Game began 2026-05-11 15:46:48, ended 2026-05-11 16:20:04.

Ackbladder, neutral female gnomish Wizard

                                                                -------
                                                                ......|
                                                                |.....|
                                                               #......|
                                                               #|.....|
                                                               #---.---
                                                              ##   #
                                                          #####    #
                                                          #        ###
                                                        ###          ###
                                                        ########   ----|--
                                           ---|-------##       #   |..[<(|
                                           |.........|#############......|
                                           |..... @..| #           |.....|
                                           |.....a...-##           |.....|
                                           |.......>.|             -------
                                           -----------

Ackbladder the Thaumaturge  St:13 Dx:15 Co:15 In:18 Wi:9 Ch:12  Neutral
Dlvl:6  $:21 HP:0(44) Pw:25(45) AC:0  Xp:6 T:5322  Burdened

Latest messages:
 You feel rather light headed.
 You feel less confused now.
 You stop eating the bugbear corpse.
 There is a partly eaten bugbear corpse here; eat it? [ynq] (n) y
 You resume your meal.
 You finish eating the bugbear corpse.
 You fall down the stairs.
 You see here a large box.
 In what direction? 1
 The spell hits the red mold!
 You kill the red mold!
 You see here a large box.
 The large box is empty.
 You see here a splint mail.
 You hit the rock piercer!
 The magic-absorbing blade scares the rock piercer!
 You kill the rock piercer!
 In what direction? 6
 The spell hits the rothe!
 In what direction? 6
 The spell hits the rothe!
 You kill the rothe!
 You see here a rothe corpse.
 There is a rothe corpse here; eat it? [ynq] (n) y
 This rothe corpse tastes okay.
 You finish eating the rothe corpse.
 In what direction? 8
 The spell hits the floating eye!
 In what direction? 8
 The spell hits the floating eye!
 In what direction? 8
 The spell hits the floating eye!
 You kill the floating eye!
 You see here a floating eye corpse.
 The fire ant bites!
 The fire ant bites again!
 You're on fire!
 The fire ant bites!
 The fire ant misses!
 You miss the fire ant.
 The fire ant bites!
 The fire ant bites again!
 You're on fire!
 The fire ant bites!
 The fire ant bites again!
 You're on fire!
 The fire ant bites!
 You die...
 Do you want your possessions identified? [ynq] (y) y
 Do you want to see your attributes? [ynq] (y) q

Inventory:
 Coins    ('$')
  $ - 21 gold pieces
 Weapons  (')')
  V - 14 +0 darts
  C - 7 +0 shuriken
  P - a +0 elven dagger
  w - the rustproof +0 Magicbane (weapon in right hand)
  G - a +0 orcish dagger
  a - a blessed +1 quarterstaff
 Armor    ('[')
  v - an uncursed +0 orcish helm
  z - an uncursed +0 orcish helm
  H - an uncursed +0 orcish helm
  b - a blessed +0 cloak of magic resistance (being worn)
  R - a blessed rotproof +0 silver dragon scale mail (being worn)
 Comestibles  ('%')
  F - an uncursed carrot
  q - 6 uncursed food rations
  A - an uncursed tin of boiled hobgoblin meat
  s - an uncursed egg
 Scrolls  ('?')
  o - an uncursed scroll of earth
  B - an uncursed scroll of genocide
  E - 2 uncursed scrolls of remove curse
  J - a cursed scroll of remove curse
  i - an uncursed scroll of scare monster
  y - an uncursed scroll of stinking cloud
  k - an uncursed scroll of taming
 Spellbooks  ('+')
  N - an uncursed spellbook of confuse monster
  D - an uncursed spellbook of create monster
  t - an uncursed spellbook of detect monsters
  K - an uncursed spellbook of extra healing
  l - a blessed spellbook of force bolt
  m - an uncursed spellbook of healing
 Potions  ('!')
  r - an uncursed potion of gain ability
  M - an uncursed potion of healing
  f - an uncursed potion of levitation
  S - an uncursed potion of object detection
  I - an uncursed potion of paralysis
  T - a cursed potion of paralysis
  g - a potion of holy water
 Rings    ('=')
  d - an uncursed +2 ring of adornment
  e - an uncursed +1 ring of gain strength
 Wands    ('/')
  L - a wand of make invisible (0:3)
  c - a wand of stasis (0:5)
  x - a wand of undead turning (0:5)
  u - a wand of wishing (1:0)
 Tools    ('(')
  O - an uncursed leash
  n - a magic marker (0:22)
 Gems/Stones  ('*')
  h - 2 uncursed worthless pieces of green glass

Ackbladder the Wizard's attributes:

Background:
 You were a Thaumaturge, a level 6 female gnomish Wizard.
 You were neutral, on a mission for Thoth
 who was opposed by Ptah (lawful) and Anhur (chaotic).
 You were right-handed.
 You were in the Dungeons of Doom, on level 6.
 You entered the dungeon 5322 turns ago.
 You had 431 experience points, 209 more were needed to attain level 7.

Basics:
 You had 0 out of 44 hit points.
 You had 25 out of 45 energy points (spell power).
 Your armor class was 0.
 Your wallet contained 21 zorkmids.
 Autopickup was off.

Final Characteristics:
 Your strength was 13 (limit:18/50).
 Your dexterity was 15 (limit:18).
 Your constitution was 15 (limit:18).
 Your intelligence was 18 (limit:19).
 Your wisdom was 9 (limit:18).
 Your charisma was 12 (limit:18).

Final Status:
 You weren't hungry.
 You were burdened; movement was slightly slowed.
 You were wielding a dagger.
 You had basic skill with dagger.

Final Attributes:
 You were piously aligned.
 You were magic-protected.
 You had infravision.
 You were warded.
 You had reflection.
 You are dead.

Miscellaneous:
 You encountered 1 bones level.
 Total elapsed playing time was 33 minutes and 15 seconds.

Major events:
 Turn
    1: Ackbladder the neutral female gnomish Wizard entered the dungeon
  841: attained the rank of Conjurer (level 3)
  926: entered the Gnomish Mines
 1791: made her first wish - "2 blessed scrolls of charging", got "a scroll labeled READ ME"
 2631: was bestowed with Magicbane by Thoth
 2638: wished for "blessed fixed +2 silver dragon scale mail", got "a silver dragon scale mail"
 4062: was bestowed with Trollsbane by Thoth
 4580: attained the rank of Thaumaturge (level 6)
 5322: killed by a fire ant

Spells:
 Name                 Level Category     Fail Retention
 force bolt             1   attack         0%   71%-80%
 healing                1   healing        0%   51%-75%
 detect monsters        1   divination     0%  76%-100%
 create monster         2   clerical      43%  76%-100%
 confuse monster        1   enchantment    0%  91%-100%

Skills:
 Fighting Skills
   bare handed combat [Unskilled]
   riding             [Unskilled]
 Weapon Skills
   dagger             [Basic]
   knife              [Unskilled]
   axe                [Unskilled]
   short sword        [Unskilled]
   club               [Unskilled]
   mace               [Unskilled]
   morning star       [Unskilled]
   quarterstaff       [Basic]
   polearms           [Unskilled]
   spear              [Unskilled]
   trident            [Unskilled]
   sling              [Unskilled]
   dart               [Unskilled]
   shuriken           [Unskilled]
 Spellcasting Skills
   attack spells      [Basic]
   healing spells     [Unskilled]
   divination spells  [Unskilled]
   enchantment spells [Basic]
   clerical spells    [Unskilled]
   escape spells      [Unskilled]
   matter spells      [Unskilled]

Voluntary challenges:
 Character rerolling was not enabled.
 You never genocided any monsters.
 You never polymorphed an object.
 You never changed form.
 You used 2 wishes.
 You did not wish for any artifacts.
Achievements:
 You attained the rank of Conjurer.
 You entered the Gnomish Mines.
 You attained the rank of Thaumaturge.

 The Dungeons of Doom: levels 1 to 6
    Level 1:
       Many altars, a fountain.
    Level 2:
       Many fountains, a sink, many trees.
    Level 3:
       A fountain, a grave.
       Stairs down to The Gnomish Mines.
    Level 4:
       A fountain, a sink.
    Level 5:
    Level 6: <- You were here.
       A grave.
       Final resting place for
          you, killed by a fire ant,
          Ackbladder-Pri-Hum-Mal-Neu, killed by a rothe, while frozen by a floating eye's gaze.
 The Gnomish Mines:
    Level 4:


Vanquished creatures:
  a dog
  a bugbear
 12 wood nymphs
  a rock piercer
  2 fog clouds
  2 yellow lights
  a floating eye
  a homunculus
  a rothe
  3 giant bats
  a werejackal
  4 iguanas
  2 hobbits
  5 manes
  a hobgoblin
  4 giant rats
  2 cave spiders
  2 brown molds
  2 red molds
  6 geckos
  3 jackals
  a kobold
  2 goblins
 14 grid bugs
  9 lichens
  2 kobold zombies
  5 newts
90 creatures vanquished.

No species were genocided or became extinct.

Game over:
                       ----------
                      /          \
                     /    REST    \
                    /      IN      \
                   /     PEACE      \
                  /                  \
                  |    Ackbladder    |
                  |      21 Au       |
                  | killed by a fire |
                  |       ant        |
                  |                  |
                  |                  |
                  |       2026       |
                 *|     *  *  *      | *
        _________)/\\_//(\/(/\)/\//\/|_)_______

Goodbye Ackbladder the Wizard...

You died in The Dungeons of Doom on dungeon level 6 with 2013 points,
and 21 pieces of gold, after 5322 moves.
You were level 6 with a maximum of 44 hit points when you died.

